 Dungeon Crawl Stone Soup version 0.27.1-16-g815e20cd7a (webtiles) character file.

Game seed: 10830157329648502382

42 riftmaster1123 the Stinger (level 3, -3/26 HPs)
             Began as a Draconian Venom Mage on Nov 23, 2021.
             Killed from afar by an orc wizard (4 damage)
             ... with a magic dart
             ... on level 2 of the Dungeon.
             The game lasted 00:07:14 (945 turns).

riftmaster1123 the Stinger (Draconian Venom Mage)    Turns: 945, Time: 00:07:15

Health: -3/26      AC:  5    Str: 16    XL:     3   Next: 35%
Magic:  3/6        EV: 12    Int: 16    God:
Gold:   69         SH:  0    Dex: 11    Spells: 3/6 levels left

rFire    . . .     SeeInvis .   f - +0 mace
rCold    . . .     Faith    .   (no shield)
rNeg     . . .     Spirit   .   (armour unavailable)
rPois    .         Reflect  .   (helmet restricted)
rElec    .         Harm     .   (no cloak)
rCorr    .         Rampage  .   (no gloves)
Will     .....                  (no boots)
Stlth    +.........             (no amulet)
HPRegen  0.08/turn              c - +6 ring of strength
MPRegen  0.10/turn              (no ring)

@: confused
A: AC +5, unfitting armour, cold-blooded
a: no special abilities


You were on level 2 of the Dungeon.
You visited 1 branch of the dungeon, and saw 2 of its levels.

You collected 69 gold pieces.

Inventory:

Hand Weapons
 f - a +0 mace (weapon)
Jewellery
 c - a +6 ring of strength (left hand)
Scrolls
 e - a scroll of fear {unknown}
Potions
 a - a potion of berserk rage {unknown}


   Skills:
 + Level 1.8 Dodging
 + Level 1.8 Stealth
 + Level 2.4 Spellcasting
 + Level 1.5 Transmutations
 + Level 3.8 Poison Magic


You had 3 spell levels left.
You knew the following spells:

 Your Spells              Type           Power      Damage    Failure   Level
a - Sting                 Tmut/Pois      40%        1d5       7%          1
b - Poisonous Vapours     Pois/Air       16%        N/A       14%         2

Your spell library contained the following spells:

 Spells                   Type           Power      Damage    Failure   Level
 Apportation              Tloc           2%         N/A       21%         1
 Mephitic Cloud           Conj/Pois/Air  6%         N/A       34%         3
 Olgreb's Toxic Radiance  Pois           14%        N/A       38%         4
 Alistair's Intoxication  Tmut/Pois      6%         N/A       88%         5
 Invisibility             Hex            0%         N/A       100%        6


Dungeon Overview and Level Annotations

Branches:
Dungeon (2/15)

Altars:
Trog


Innate Abilities, Weirdness & Mutations

Your plain brown scales are hard. (AC +5)
You cannot fit into any form of body armour.
You are cold-blooded and may be slowed by cold attacks.


Message History

Aiming: Sting (safe; 7% risk of failure)
Press: ? - help, Shift-Dir - straight line, f - endoplasm
Aim: an endoplasm (98% to hit)
The sting hits the endoplasm but does no damage.
The endoplasm is poisoned.
You hear some strange, mumbled words.
A puff of flame appears from out of thin air!
The puff of flame misses you.
The puff of flame hits the endoplasm.
You hit the endoplasm.
You kill the endoplasm!
Something hits you but does no damage.
You hear some strange, mumbled words.
You are confused.
You're too confused to move!
The orc hits you with a +0 club.
You hear some strange, mumbled words.
Something tries to affect you, but you resist.
You bump into the rock wall.
The orc barely misses you. Something hits you but does no damage.
You hit the orc.
The orc is heavily wounded.
The orc hits you with a +0 club.
You bump into the rock wall.
Something hits you but does no damage. The orc misses you.
You closely miss the orc. You tail-slap the orc.
The orc is severely wounded.
You feel less confused.
You hear some strange, mumbled words.
You are confused.
The orc barely misses you.
You barely miss something. You tail-slap something.
The orc hits you but does no damage. Something hits you but does no damage.
You hear some strange, mumbled words.
A puff of flame appears from out of thin air!
The puff of flame hits you!
Ouch! That really hurt!
* * * LOW HITPOINT WARNING * * *
The orc closely misses you.
A magic dart appears from out of thin air!
The magic dart hits you.
You die...

..........#####.##...$.#
##........# #.# .?....
...#.._..######.##......
##.#...............?....
........#..............
#..##.## ##)#.......
#...# ##o#......
###...##o{.#
.......@...#
########>..# ##(....#
##....# ...... .......
....#.. ....###


You could see 2 orcs.

Vanquished Creatures
  A gnoll (D:1)
  A dart slug (D:1)
  2 orcs (D:2)
  A bat (D:1)
  5 endoplasms
  3 giant cockroaches (D:1)
  3 goblins (D:1)
  A hobgoblin (D:1)
  3 kobolds (D:1)
  3 ball pythons
  A frilled lizard (D:1)
  3 rats
27 creatures vanquished.

Vanquished Creatures (others)
  2 fungi (D:2)
  A plant (D:2)
3 creatures vanquished.

Grand Total: 30 creatures vanquished

Notes
Turn   | Place    | Note
-------+----------+-------------------------------------------
     0 | D:1      | riftmaster1123 the Draconian Venom Mage began the quest for
                  | the Orb.
     0 | D:1      | Reached XP level 1. HP: 14/14 MP: 3/3
   218 | D:1      | Reached XP level 2. HP: 10/20 MP: 0/5
   432 | D:1      | Reached XP level 3. HP: 24/26 MP: 4/6
   896 | D:2      | Found a bloodstained altar of Trog.
   918 | D:2      | Learned a level 2 spell: Poisonous Vapours
   944 | D:2      | HP: 1/26 [something/puff of flame (13)]
   945 | D:2      | Killed from afar by an orc wizard

Illustrated notes

Levels and vault maps discovered:
D:1:      matt_arrival_grand_opening, layout_loops_corners, grunt_decor_cap,
          hangedman_abyss_or_decor_lesser_grid, st_stairs_5
D:2:      layout_rooms, shapermc_ecumenical_altar_mp_ritualfount, serial_shops,
          nicolae_shop_trees, basic_altar, chequers_serial_rivers_large_b,
          kennysheep_generic_room_15

Action                   || total
-------------------------++-------
Melee: Unarmed           ||    10
       Tailslap          ||    11
       Dagger            ||    11
       Mace              ||    19
 Cast: Sting             ||    30
       Poisonous Vapours ||     2
  Use: Scroll            ||     3
Armor: Skin              ||    17
Dodge: Dodged            ||    39
